 Dungeon Crawl Stone Soup version 0.21.1-1-g345015f (webtiles) character file.

11579 Space the Blocker (level 11, -7/83 HPs)
             Began as a Demonspawn Gladiator on July 19, 2018.
             Was a Priest of Ashenzari.
             Drowned by a water elemental (8 damage)
             ... on level 1 of the Shoals.
             The game lasted 01:13:45 (10311 turns).

Space the Blocker (Demonspawn Gladiator)           Turns: 10311, Time: 01:13:46

Health: -7/83      AC: 19    Str: 19    XL:     11   Next: 51%
Magic:  11/11      EV:  6    Int: 14    God:    Ashenzari [***...]
Gold:   558        SH: 20    Dex: 20    Spells: 10/10 levels left

rFire    . . .     SeeInvis +   G - +8 short sword "Qaucviuf" {pierce, *Rage rPois Str+4} (curse)
rCold    . . .     Gourm    .   r - +2 large shield "Sasuuc" {rElec Int+5 Dex-4 Stlth+} (curse)
rNeg     . . .     Faith    .   I - +0 plate armour (curse)
rPois    +         Spirit   .   c - +0 helmet
rElec    +         Reflect  .   o - +0 cloak
rCorr    .         Harm     +   M - +0 pair of gloves
MR       .....     Rnd*Rage +   (no boots)
Stlth    ..........             e - amulet of harm
HPRegen  0.23/turn              J - +6 ring of dexterity
MPRegen  0.12/turn              t - ring of poison resistance

@: engulfed (cannot breathe), berserk cooldown, drained, very slow
A: talons 2, yellow scales 2, powered by death 1
a: Curse Item, Scrying, Renounce Religion


You were on level 1 of the Shoals.
You worshipped Ashenzari.
Ashenzari was most pleased with you.
You were not hungry.

You visited 4 branches of the dungeon, and saw 12 of its levels.
You also visited: Sewer.

You collected 648 gold pieces.
You spent 90 gold pieces at shops.

Inventory:

Hand Weapons
 G - the cursed +8 short sword "Qaucviuf" (weapon) {pierce, *Rage rPois Str+4}
   (You found it on level 6 of the Dungeon)

   It inflicts extra damage upon your enemies.
   It affects your strength (+4).
   It protects you from poison.
   It may make you go berserk in combat.
   It has a curse placed upon it.
Missiles
 d - 3 throwing nets
 g - 12 tomahawks (quivered)
 q - 8 javelins of returning
Armour
 c - a +0 helmet (worn)
 o - a +0 cloak (worn)
 r - the cursed +2 large shield "Sasuuc" (worn) {rElec Int+5 Dex-4 Stlth+}
   (You found it on level 4 of the Dungeon)

   It affects your intelligence (+5).
   It affects your dexterity (-4).
   It insulates you from electricity.
   It makes you more stealthy.
   It has a curse placed upon it.
 I - a cursed +0 plate armour (worn)
 M - a +0 pair of gloves (worn)
Jewellery
 a - an uncursed ring of positive energy
 e - an amulet of harm (around neck)
 j - an uncursed ring of teleportation
 t - a ring of poison resistance (right hand)
 H - a +3 ring of strength
 J - a +6 ring of dexterity (left hand)
 N - an uncursed ring of stealth
Wands
 m - a wand of enslavement (17)
 y - a wand of iceblast (8)
 C - a wand of digging (8)
 K - a wand of acid (2)
Scrolls
 b - 2 scrolls of blinking
 h - 5 scrolls of teleportation
 i - 2 scrolls of fog
 k - a scroll of remove curse
 n - a scroll of fear {unknown}
 E - 2 scrolls of random uselessness {unknown}
 L - a scroll of identify
Potions
 l - 5 potions of curing
 p - a potion of might {unknown}
 s - a potion of cancellation {unknown}
 u - 3 potions of mutation
 v - 3 potions of brilliance
 x - 5 potions of agility
 z - a potion of lignification
 A - a potion of heal wounds
 B - a potion of degeneration {unknown}
 D - a potion of berserk rage {unknown}
 F - 2 potions of flight
Books
 w - a book of Frost

   Spells                             Type                      Level
   a - Freeze                         Ice                          1
   b - Throw Frost                    Conjuration/Ice              2
   c - Ozocubu's Armour               Charms/Ice                   3
   d - Throw Icicle                   Conjuration/Ice              4
   e - Summon Ice Beast               Ice/Summoning                4
Comestibles
 f - 4 rations


   Skills:
 * Level 6.5(6.2) Fighting
 + Level 5.8(9.2) Short Blades
   Level 5.8(6.6) Long Blades
 - Level 1.7(1.5) Throwing
 * Level 6.6(6.3) Armour
 * Level 6.4(6.1) Dodging
 * Level 6.7(6.4) Stealth
 * Level 8.6(10.1) Shields


You had 10 spell levels left.
You didn't know any spells.

Dungeon Overview and Level Annotations

Branches:
Dungeon (8/15)             Temple (1/1) D:4            Lair (2/6) D:8
 Shoals (1/4) Lair:2
  Snake: Lair:2-4    Spider: Lair:2-4

Altars:
Ashenzari
Dithmenos
Elyvilon
Fedhas
Hepliaklqana
Kikubaaqudgha
Okawaru
Trog
Wu Jian
Yredelemnul
Zin

Shops:
D:4 }([}!   D:7 :

Annotations:
Lair:1 exclusion: oklob plant


Innate Abilities, Weirdness & Mutations

You have razor-sharp toenails.
You are mostly covered in yellow scales. (AC +3)
You regenerate a little health from kills.


Message History

You claw the water elemental, but do no damage.
The water elemental is lightly damaged.
* * * LOW HITPOINT WARNING * * *
Your lungs strain for air!
You block the water elemental's attack.
Your unstable footing causes you to fumble your attack.
* * * LOW HITPOINT WARNING * * *
Your lungs strain for air!
The merfolk aquamancer gestures at you while chanting.
The ball of steam hits you!
* * * LOW HITPOINT WARNING * * *
The water elemental closely misses you.
Okay, then.
Evoke which item? (* to show all) (? for menu, Esc to quit)
Aiming: Enslavement
Press: ? - help, Shift-Dir - straight line, f - merfolk aquamancer
Aim: a merfolk aquamancer, wielding a rapier of draining and wearing a robe (severely wounded, chance to defeat MR: 6%)
The merfolk aquamancer resists with almost no effort.
You are engulfed in a cloud of scalding steam.
You die...

, ,,,, .≈≈≈≈≈≈ ≈ , ,
..≈≈≈≈≈ ≈ , , ,,**,
m.≈≈≈≈≈ ≈ , ≈, * *
E.≈≈≈≈≈ * , * E≈≈≈≈≈≈≈
* ,,* .≈≈≈≈≈≈ ≈ ,
####..≈≈≈≈≈≈≈ ≈ , ,
###m...≈≈≈≈≈≈ ,,≈
#...@≈≈≈≈≈≈≈≈≈ ,,
##.≈E§≈≈≈≈≈≈≈≈ , ,,,
#)≈≈.§§§≈≈≈≈≈ * ,
..###...≈§.§.≈≈≈≈≈ ≈≈
, .≈........§##.≈≈≈≈≈
,
,,.........≈..#.≈≈≈≈≈≈
≈ ,
.........≈≈≈≈≈≈≈≈≈≈≈
..###...#.≈≈≈≈≈≈≈≈≈≈ .
###........≈≈≈≈≈≈≈ ≈


You could see a merfolk aquamancer and a water elemental.

Vanquished Creatures
  The ghost of aaksess the Blocker, a journeyman FoEE of Ashenzari (Lair:1)
  2 two-headed ogres (D:8)
  A sea snake (Shoals:1)
  The ghost of Space the Cruncher, a novice DsGl (D:8)
  A manticore (Shoals:1)
  2 black mambas (Lair:1)
  An elephant (D:8)
  A water nymph (Shoals:1)
  A rime drake (Lair:2)
  A komodo dragon (Lair:1)
  2 merfolk (Shoals:1)
  Grinder (D:3)
  A hippogriff (D:8)
  2 water elementals (Shoals:1)
  A wraith (D:7)
  5 yaks
  A basilisk (D:8)
  A hungry ghost (D:6)
  3 water moccasins (Lair:1)
  An orc warrior (D:7)
  5 ogres
  2 ice beasts (D:6)
  2 necrophages
  A centaur (D:8)
  5 wolves (Lair:1)
  2 crocodiles
  6 bullfrogs
  A gnoll sergeant (D:6)
  A scorpion (D:6)
  5 killer bees (D:7)
  4 howler monkeys
  2 troll zombies (D:7)
  7 wights
  3 crimson imps
  A bullfrog zombie (D:6)
  6 hounds
  A jelly (D:6)
  An orc priest (D:7)
  2 human zombies (D:7)
  A bullfrog skeleton (D:4)
  A centaur skeleton (D:4)
  Terence (D:2)
  A human skeleton (D:7)
  2 worker ants
  A hound zombie (D:8)
  The ghost of dscm the Skirmisher, a weakling OpFi (D:4)
  A hound skeleton (D:3)
  A mummy (D:7)
  2 worker ant zombies (D:7)
  6 gnolls (D:6)
  A howler monkey skeleton (D:7)
  10 adders
  3 river rats
  2 adder skeletons
  2 worms
  4 dart slugs (D:1)
  6 leopard geckos
  17 orcs
  5 ball pythons
  6 giant cockroaches
  9 goblins
  3 hobgoblins
  12 jackals
  4 quokkas
  12 bats
  6 frilled lizards
  A jackal skeleton (D:4)
  20 kobolds
  An orc skeleton (D:7)
  An orc zombie (D:7)
  31 rats
261 creatures vanquished.

Vanquished Creatures (collateral kills)
  A giant cockroach (D:6)
1 creature vanquished.

Vanquished Creatures (others)
  A human (D:2)
1 creature vanquished.

Grand Total: 263 creatures vanquished

Notes
Turn   | Place    | Note
-------+----------+-------------------------------------------
     0 | D:1      | Space the Demonspawn Gladiator began the quest for the Orb.
     0 | D:1      | Reached XP level 1. HP: 16/16 MP: 1/1
   301 | D:1      | Gained mutation: You regenerate a little health from kills. [demonic ancestry]
   301 | D:1      | Reached XP level 2. HP: 6/22 MP: 2/2
   810 | D:1      | Gained mutation: You have sharp toenails. [demonic ancestry]
   810 | D:1      | Reached XP level 3. HP: 25/27 MP: 3/3
  1052 | D:1      | Reached skill level 1 in Armour
  1339 | D:2      | Reached skill level 1 in Stealth
  1515 | D:2      | Reached XP level 4. HP: 32/34 MP: 4/4
  1604 | D:2      | Found an ancient bone altar of Kikubaaqudgha.
  1608 | D:2      | Noticed Terence
  1622 | D:2      | Killed Terence
  1630 | D:2      | Noticed a human
  1631 | D:2      | Killed a human
  2631 | D:3      | Reached XP level 5. HP: 38/39 MP: 5/5
  2653 | D:3      | Noticed Grinder
  2654 | D:3      | Paralysed by Grinder for 3 turns
  2665 | D:3      | Paralysed by Grinder for 4 turns
  2686 | D:3      | Killed Grinder
  2686 | D:3      | Reached XP level 6. HP: 7/47 MP: 6/6
  3074 | D:4      | Found Byuq's Weapon Emporium.
  3174 | D:4      | Got a bloodstained large shield
  3180 | D:4      | Identified the +2 large shield "Sasuuc" {rElec Int+5 Dex-4 Stlth+} (You found it on level 4 of the Dungeon)
  3259 | D:4      | Found a blossoming altar of Fedhas.
  3273 | D:4      | Found Aplaji's Gadget Boutique.
  3301 | D:4      | Found Puqodopo's Gadget Boutique.
  3332 | D:4      | Noticed dscm's ghost (weakling OpFi)
  3341 | D:4      | Killed dscm's ghost
  3356 | D:4      | Found Jaddenn's Distillery.
  3385 | D:4      | Bought a potion of curing for 30 gold pieces
  3385 | D:4      | Bought a potion of curing for 30 gold pieces
  3385 | D:4      | Bought a potion of lignification for 30 gold pieces
  3534 | D:4      | Found Gino's Armour Emporium.
  3614 | D:4      | Found a staircase to the Ecumenical Temple.
  3768 | D:5      | Entered Level 5 of the Dungeon
  3771 | D:5      | Found an iron altar of Okawaru.
  3777 | D:5      | Reached skill level 1 in Shields
  3777 | D:5      | Gained mutation: You are partially covered in yellow scales. (AC +2) [demonic ancestry]
  3777 | D:5      | Reached XP level 7. HP: 52/52 MP: 7/7
  3782 | D:5      | Found a glowing silver altar of Zin.
  3782 | D:5      | Found a shadowy altar of Dithmenos.
  3783 | D:5      | Found a bloodstained altar of Trog.
  4016 | D:4      | Reached skill level 5 in Long Blades
  4016 | D:4      | Reached skill level 2 in Shields
  4385 | D:5      | HP: 2/52 [ogre/giant club (16)]
  4399 | D:5      | Reached skill level 3 in Shields
  4403 | D:5      | Gained mutation: You have razor-sharp toenails. [demonic ancestry]
  4403 | D:5      | Reached XP level 8. HP: 25/60 MP: 8/8
  4604 | D:5      | Found a hazy altar of Hepliaklqana.
  4696 | Temple   | Entered the Ecumenical Temple
  4700 | Temple   | Became a worshipper of Ashenzari the Shackled
  5045 | D:6      | Found a glowing drain.
  5056 | Sewer    | Entered a sewer
  5715 | D:6      | Reached skill level 4 in Shields
  5929 | D:6      | Reached skill level 5 in Shields
  5987 | D:6      | Reached * piety under Ashenzari
  6074 | D:6      | Reached XP level 9. HP: 39/65 MP: 9/9
  6213 | D:6      | Identified the +8 short sword "Qaucviuf" {pierce, *Rage rPois Str+4}
  6790 | D:7      | Found Ecappauwa's Book Shoppe.
  7029 | D:7      | Reached ** piety under Ashenzari
  7216 | D:7      | Reached skill level 1 in Short Blades
  7254 | D:7      | Found a basalt altar of Yredelemnul.
  7266 | D:7      | Reached skill level 6 in Shields
  7666 | D:8      | Noticed a two-headed ogre
  7672 | D:8      | Killed a two-headed ogre
  7672 | D:8      | Reached skill level 5 in Dodging
  7672 | D:8      | Reached skill level 5 in Stealth
  7701 | D:8      | Noticed Space's ghost (novice DsGl)
  7726 | D:8      | Killed Space's ghost
  7726 | D:8      | Reached skill level 5 in Fighting
  7726 | D:8      | Gained mutation: You are mostly covered in yellow scales. (AC +3) [demonic ancestry]
  7726 | D:8      | Reached XP level 10. HP: 74/74 MP: 10/10
  7769 | D:8      | Noticed a two-headed ogre
  7777 | D:8      | Killed a two-headed ogre
  7777 | D:8      | Reached skill level 5 in Armour
  7777 | D:8      | Reached skill level 7 in Shields
  7784 | D:8      | Noticed an elephant
  7795 | D:8      | Killed an elephant
  8319 | D:8      | Found a staircase to the Lair.
  8379 | Lair:1   | Entered Level 1 of the Lair of Beasts
  8652 | Lair:1   | Reached skill level 5 in Short Blades
  8774 | Lair:1   | Noticed an oklob plant
  8949 | Lair:1   | Noticed a black mamba
  8961 | Lair:1   | Killed a black mamba
  9098 | Lair:1   | Reached XP level 11. HP: 81/81 MP: 11/11
  9261 | Lair:1   | Noticed aaksess's ghost (journeyman FoEE)
  9286 | Lair:1   | HP: 4/81 [aaksess's ghost/stone arrow (31)]
  9317 | Lair:1   | Killed aaksess's ghost
  9317 | Lair:1   | Reached skill level 8 in Shields
  9541 | Lair:1   | Reached *** piety under Ashenzari
 10008 | Lair:2   | Found a staircase to the Shoals.
 10054 | Shoals:1 | Entered Level 1 of the Shoals
 10054 | Shoals:1 | Identified the +1 scale mail of the Doge {*Corrode Str+3 SInv}
 10054 | Shoals:1 | Noticed a sea snake
 10089 | Shoals:1 | Killed a sea snake
 10155 | Shoals:1 | Noticed a merfolk aquamancer
 10310 | Shoals:1 | HP: 1/83 [merfolk aquamancer/ball of steam (16)]
 10311 | Shoals:1 | Drowned by a water elemental

Skill      XL: |  1  2  3  4  5  6  7  8  9 10 11 |
---------------+----------------------------------+-----
Long Blades    | 3 4 5 |  5.8
Armour         | 1 2 3 4 5 6 |  6.6
Dodging        | 3 4 5 6 |  6.4
Stealth        | 1 2 3 4 5 6 |  6.7
Fighting       | 3 4 5 6 |  6.5
Shields        | 1 3 5 6 7 8 |  8.6
Short Blades   | 3 5 |  5.8
Throwing       | |  1.7

Action                   |  1- 3 |  4- 6 |  7- 9 | 10-12 || total
-------------------------+-------+-------+-------+-------++-------
Melee: Long sword        |   131 |    24 |       |       ||   155
       Kick              |    21 |    57 |   157 |    96 ||   331
       Falchion          |       |   130 |   418 |       ||   548
       Short sword       |       |       |   127 |   232 ||   359
Throw: Tomahawk          |       |     1 |     5 |       ||     6
Invok: Curse Item        |       |       |     4 |       ||     4
Evoke: Wand              |       |       |     1 |     3 ||     4
  Use: Scroll            |     4 |     5 |     5 |     4 ||    18
       Potion            |       |     2 |     2 |    11 ||    15
 Stab: Sleeping          |     1 |       |     3 |       ||     4
  Eat: Ration            |     1 |     2 |     6 |     2 ||    11
Armor: Leather armour    |    16 |       |       |       ||    16
       Chain mail        |    46 |    62 |       |       ||   108
       Ring mail         |       |    13 |   138 |       ||   151
       Plate armour      |       |       |    30 |    72 ||   102
       Skin              |       |       |       |    10 ||    10
Dodge: Dodged            |    69 |    39 |   132 |    27 ||   267
Block: Large shield      |       |    29 |   479 |   167 ||   675
       Rpst.: Long sword |    21 |     1 |       |       ||    22
       Falchion          |       |    16 |    29 |       ||    45
